 Dungeon Crawl Stone Soup version 0.30-b1-2-g02819fbbbe (webtiles) character file.

Game seed: 4419362435411062129

75 Alarkh the Trooper (level 4, 37/37 HPs)
             Began as a Demonspawn Artificer on Nov 24, 2023.
             Got out of the dungeon alive.
             The game lasted 00:03:01 (2264 turns).

Alarkh the Trooper (Demonspawn Artificer)           Turns: 2264, Time: 00:03:02

Health: 37/37      AC:  3    Str: 13    XL:     4   Next: 11%
Magic:  4/4        EV: 11    Int: 14    God:
Gold:   91         SH:  0    Dex: 13    Spells: 3/3 levels left

rFire   . . .        l - +0 quarterstaff
rCold   . . .        (shield currently unavailable)
rNeg    . . .        b - +0 leather armour
rPois   .            (helmet restricted)
rElec   .            (no cloak)
rCorr   .            (no gloves)
SInv    .            (no boots)
Will    +....        m - amulet of magic regeneration
Stlth   +            k - ring of willpower
HPRegen 0.26/turn    (no ring)
MPRegen 0.49/turn

%: no passive effects
@: no status effects
A: antennae 1, powered by pain 1
a: no special abilities


You escaped.
You visited 1 branch of the dungeon, and saw 3 of its levels.

You collected 91 gold pieces.

Inventory:

Hand Weapons
 a - a +0 dagger
 h - a +0 club
 l - a +0 quarterstaff (weapon)
Armour
 b - a +0 leather armour (worn)
Jewellery
 k - a ring of willpower (left hand)
 m - an amulet of magic regeneration (around neck)
Wands
 c - a wand of flame (5) (quivered)
 d - a wand of charming (15)
 e - a wand of iceblast (5)
Scrolls
 f - 3 scrolls of amnesia {unknown}
 i - a scroll of enchant armour {unknown}
 j - a scroll of noise {unknown}
 p - a scroll of teleportation {unknown}
 r - a scroll of identify
 s - a scroll of fear {unknown}
 t - a scroll of fog {unknown}
Potions
 g - 2 potions of heal wounds
 n - 2 potions of flight {unknown}
 o - a potion of cancellation {unknown}
 q - 2 potions of curing {unknown}


   Skills:
 + Level 4.0 Fighting
 - Level 1.7 Armour
 - Level 0.8 Dodging
 - Level 0.8 Stealth
 - Level 3.0 Evocations


You had 3 spell levels left.
You didn't know any spells.
Your spell library was empty.

Dungeon Overview and Level Annotations

Branches:
Dungeon (3/15)

Altars:

Portals:
Abyss: D:3

Annotations:
D:3 1 runed translucent door, Crazy Yiuf; manyhoops's ghost, weakling DgEE


Innate Abilities, Weirdness & Mutations

You have a pair of small antennae on your head.
You sometimes gain a little power by taking damage.


Message History

The bat hits you but does no damage. The bat closely misses you.
You closely miss the bat. The bat closely misses you.
You barely miss the bat. The bat hits you but does no damage.
The bat hits you but does no damage. The bat misses you.
Things that are here:
a +0 dagger; an orc corpse The bat closely misses you.
The bat hits you but does no damage.
You closely miss the bat. The bat barely misses you.
You sock the bat!
You kill the bat!
No reachable target in view!
No reachable target in view!
No reachable target in view!
No reachable target in view!
No reachable target in view!
No reachable target in view!
No reachable target in view!
No reachable target in view!
No reachable target in view!
There is a stone staircase leading up here.
You climb upwards.
There is a stone staircase leading down here.
There is an open door here.
You see here a +0 dagger.
HP restored.
There is an open door here.
As you open the door, it creaks loudly!
You can't go up here!
You can't go up here!
(D) Dungeon
Where to? (Enter - D:2 @ (x,y), ? - help)
What level of the Dungeon? (default 1, ? - help)
There is an open door here.
There is a stone staircase leading up here.
You climb upwards.
There is a stone staircase leading down here.
Unknown command.
There is a staircase leading out of the dungeon here.
Are you sure you want to leave the Dungeon?
This will make you lose the game!
You have escaped!

.#...##....#....(...##.......##..
.....##.#..#...##.###.........#..
.....##.#..#.......##....⌠....#..
..+..##.#..###...#............##.
...........# #########.......##..
...........####...######...####..
.##........##.......## ###.####..
.#.........#.........# ###...###
.##..>.....#....@....####.......#
...........#..........##.........
..........###.......##......⌠....
.#####.#### ###...######.........
.# ###.##################.......#
.###....................###...###
...........############## #####..
.###....#### #.... ## #....#
#####


There were no monsters in sight!

Vanquished Creatures
  An adder (D:2)
  3 worms (D:2)
  6 orcs (D:3)
  10 bats
  2 endoplasms (D:1)
  2 giant cockroaches (D:1)
  8 goblins
  2 hobgoblins (D:1)
  6 kobolds
  A quokka (D:2)
  3 ball pythons (D:1)
  2 frilled lizards
  3 rats
49 creatures vanquished.

Notes
Turn   | Place    | Note
-------+----------+-------------------------------------------
     0 | D:1      | Alarkh the Demonspawn Artificer began the quest for the
                  | Orb.
     0 | D:1      | Reached XP level 1. HP: 15/15 MP: 1/1
   104 | D:1      | Reached skill level 2 in Fighting
   222 | D:1      | Gained mutation: You sometimes gain a little power by
                  | taking damage. [demonic ancestry]
   222 | D:1      | Reached XP level 2. HP: 22/22 MP: 2/2
   436 | D:1      | Found a faded altar of an unknown god.
   487 | D:1      | Reached skill level 3 in Fighting
   748 | D:1      | Reached XP level 3. HP: 29/29 MP: 3/3
  2060 | D:3      | Found a runed translucent door.
  2061 | D:3      | Noticed Crazy Yiuf
  2120 | D:3      | Found a one-way gate to the infinite horrors of the Abyss.
  2120 | D:3      | Noticed a kobold brigand
  2120 | D:3      | Noticed manyhoops's ghost (weakling DgEE)
  2123 | D:3      | Noticed a small abomination
  2139 | D:3      | Gained mutation: You have a pair of small antennae on your
                  | head. [demonic ancestry]
  2139 | D:3      | Reached XP level 4. HP: 30/37 MP: 4/4
  2146 | D:3      | Reached skill level 4 in Fighting
  2159 | D:3      | Noticed a small abomination
  2264 | D:$      | Got out of the dungeon alive.

Illustrated notes

Levels and vault maps discovered:
D:1:      dpeg_arrival_three_same_balls, layout_rooms,
          hellmonk_ecumenical_altar_blasted, grunt_decor_cap,
          chequers_serial_rivers_micro_e, chequers_serial_rivers_micro_c,
          grunt_decor_clamped
D:2:      layout_loops_corners
D:3:      layout_loops_ring, gammafunk_ghost_abyssal_escape,
          uniq_crazy_yiuf_cottage

Skill      XL: |  1  2  3  4 |
---------------+-------------+-----
Fighting       | 2 3 4 |  4.0
Armour         | |  1.7
Dodging        | |  0.8
Stealth        | |  0.8
Evocations     | |  3.0

Action                     |  1- 3 |  4- 6 || total
---------------------------+-------+-------++-------
  Melee: Club              |    31 |       ||    31
         Dagger            |    99 |       ||    99
         Quarterstaff      |    59 |    16 ||    75
  Evoke: Wand              |    10 |       ||    10
    Use: Scroll            |     1 |       ||     1
 Armour: Leather armour    |    85 |    12 ||    97
  Dodge: Dodged            |   118 |    13 ||   131
